 Dungeon Crawl Stone Soup version 0.30-a0-557-ge2afbf3030 (webtiles) character file.

Game seed: 7164669505232860062

243 IdlyInterested the Sneak (level 5, -2/39 HPs)
             Began as a Demonspawn Gladiator on Dec 27, 2022.
             Slain by a gnoll
             ... wielding a +0 flail
              (7 damage)
             ... on level 3 of the Dungeon.
             The game lasted 00:08:18 (2400 turns).

IdlyInterested the Sneak (Demonspawn Gladiator)     Turns: 2400, Time: 00:08:19

Health: -2/39      AC:  9    Str: 20    XL:     5   Next: 82%
Magic:  5/5        EV: 12    Int: 12    God:
Gold:   53         SH:  4    Dex: 16    Spells: 4/4 levels left

rFire   . . .      SeeInvis .    a - +0 rapier
rCold   . . .      Faith    .    (no shield)
rNeg    . . .      Spirit   .    k - +1 ring mail {Will+}
rPois   .          Reflect  .    c - +0 helmet
rElec   .          Harm     .    b - +0 cloak
rCorr   .          Rampage  .    n - +0 pair of gloves
Will    +....                    (no boots)
Stlth   ++                       (no amulet)
HPRegen 0.26/turn                m - +6 ring of strength
MPRegen 0.18/turn                (no ring)

@: no status effects
A: magic regeneration, big brain 1, condensation shield
a: no special abilities


You were on level 3 of the Dungeon.
You visited 1 branch of the dungeon, and saw 3 of its levels.

You collected 97 gold pieces.
You spent 44 gold pieces at shops.

Inventory:

Hand Weapons
 a - a +0 rapier (weapon)
 j - a +1 dagger
Missiles
 d - a throwing net
 h - 21 stones (quivered)
 l - 4 poisoned darts
Armour
 b - a +0 cloak (worn)
 c - a +0 helmet (worn)
 i - a scarf of harm
 k - a +1 ring mail of willpower (worn)
 n - a +0 pair of gloves (worn)
 o - a +1 robe of willpower
Jewellery
 m - a +6 ring of strength (left hand)
Scrolls
 f - 6 scrolls of identify
 g - 2 scrolls of magic mapping {unknown}
 p - a scroll of fog
 q - a scroll of enchant weapon
 r - a scroll of teleportation


   Skills:
 * Level 2.3 Fighting
 - Level 2.6 Short Blades
 - Level 2.0 Throwing
 - Level 2.0 Armour
 - Level 2.6 Dodging
 * Level 4.3 Stealth
 - Level 2.0 Evocations


You had 4 spell levels left.
You didn't know any spells.
Your spell library contained the following spells:

 Spells                   Type           Power      Damage    Failure   Level
 Beastly Appendage        Tmut           0%         N/A       50%         1
 Shock                    Conj/Air       0%         1d3       50%         1
 Wereblood                Tmut           0%         N/A       63%         2
 Spider Form              Tmut/Pois      0%         N/A       86%         3
 Swiftness                Air            0%         N/A       86%         3
 Airstrike                Air            0%         2d(0-16)  99%         4


Dungeon Overview and Level Annotations

Branches:
Dungeon (3/15)

Altars:

Shops:
D:1 ?


Innate Abilities, Weirdness & Mutations

You regenerate magic rapidly.
You have an unusually large brain. (Int +2)
A meltable shield of frost defends you. (SH +4)


Message History

You kill the gnoll!
You hit the gnoll.
The gnoll is moderately wounded.
The gnoll hits you but does no damage.
You barely miss the gnoll.
The gnoll is moderately wounded.
The gnoll hits you with a +0 club.
You hit the gnoll.
The gnoll is severely wounded.
The gnoll hits you with a +0 club.
You completely miss the gnoll.
The gnoll is severely wounded.
The gnoll barely misses you.
You barely miss the gnoll.
The gnoll is severely wounded.
The gnoll hits you but does no damage. The gnoll barely misses you.
You hit the gnoll but do no damage.
The gnoll is severely wounded.
The gnoll closely misses you.
You hit the gnoll.
You kill the gnoll!
You closely miss the gnoll.
The gnoll is heavily wounded.
The gnoll hits you with a +0 flail.
You barely miss the gnoll.
The gnoll is heavily wounded.
The gnoll hits you with a +0 flail!
* * * LOW HITPOINT WARNING * * *
You hit the gnoll.
The gnoll is severely wounded.
The gnoll hits you with a +0 flail.
* * * LOW HITPOINT WARNING * * *
You closely miss the gnoll.
The gnoll is severely wounded.
The gnoll hits you with a +0 flail.
* * * LOW HITPOINT WARNING * * *
You barely miss the gnoll.
The gnoll is severely wounded.
The gnoll hits you with a +0 flail!
You die...

.#. #.#.#....##..#.#.# #
....#..$......#..#.#.###
.....((.....###.........
.#.###..#...#......#.###
.#.###..#.....#......#
.....................#
##.####.#.........####
#g#.###.##### #@#.# #.#
#.#. #.# #.......#
#########


You could see a gnoll.

Vanquished Creatures
  Crazy Yiuf (D:2)
  An iguana (D:3)
  2 adders (D:3)
  10 gnolls
  A worm (D:3)
  6 orcs (D:3)
  6 ball pythons
  5 endoplasms
  4 giant cockroaches (D:1)
  6 goblins
  4 hobgoblins
  2 jackals (D:3)
  6 kobolds
  A quokka (D:1)
  3 bats
  4 frilled lizards
  6 rats
68 creatures vanquished.

Notes
Turn   | Place    | Note
-------+----------+-------------------------------------------
     0 | D:1      | IdlyInterested the Demonspawn Gladiator began the quest for
                  | the Orb.
     0 | D:1      | Reached XP level 1. HP: 16/16 MP: 1/1
    13 | D:1      | Found Qosuvi's Magic Scroll Boutique.
   114 | D:1      | Reached skill level 1 in Stealth
   148 | D:1      | Gained mutation: A meltable shield of frost defends you.
                  | (SH +4) [demonic ancestry]
   148 | D:1      | Reached XP level 2. HP: 22/22 MP: 2/2
   150 | D:1      | Reached skill level 1 in Armour
   801 | D:1      | Reached skill level 1 in Evocations
   967 | D:2      | Gained mutation: You regenerate magic rapidly. [demonic
                  | ancestry]
   967 | D:2      | Reached XP level 3. HP: 27/27 MP: 3/3
  1050 | D:2      | Found a runed translucent door.
  1051 | D:2      | Noticed Crazy Yiuf
  1060 | D:2      | Killed Crazy Yiuf
  1061 | D:2      | Reached skill level 2 in Stealth
  1336 | D:2      | Reached skill level 3 in Stealth
  1336 | D:2      | Reached XP level 4. HP: 20/33 MP: 4/4
  1362 | D:2      | HP: 1/33 [gnoll/+0 whip (7)]
  1748 | D:1      | Bought a scroll of fog for 44 gold pieces
  2057 | D:3      | Gained mutation: You have an unusually large brain. (Int
                  | +2) [demonic ancestry]
  2057 | D:3      | Reached XP level 5. HP: 37/38 MP: 5/5
  2117 | D:3      | Found a faded altar of an unknown god.
  2187 | D:3      | Reached skill level 4 in Stealth
  2400 | D:3      | Slain by a gnoll

Illustrated notes

Levels and vault maps discovered:
D:1:      lightli_arrival_lavapool, layout_loops_ring, serial_shops,
          nicolae_shop_crystal, minmay_tromino_v2
D:2:      layout_basic, uniq_crazy_yiuf_cottage
D:3:      layout_basic, hellmonk_ecumenical_altar_heavens_door

Skill      XL: |  1  2  3  4  5 |
---------------+----------------+-----
Stealth        | 1 3 4 |  4.3
Armour         | 1 2 |  2.0
Evocations     | 1 2 |  2.0
Throwing       | 2 |  2.0
Fighting       | |  2.3
Short Blades   | |  2.6
Dodging        | |  2.6

Action                   |  1- 3 |  4- 6 || total
-------------------------+-------+-------++-------
Melee: Rapier            |   102 |   139 ||   241
       Punch             |     1 |       ||     1
Throw: Stone             |     7 |     8 ||    15
       Throwing net      |     1 |     1 ||     2
       Javelin           |       |     4 ||     4
  Use: Scroll            |     3 |       ||     3
 Stab: Sleeping          |       |     1 ||     1
Armor: Leather armour    |    10 |       ||    10
       Ring mail         |    22 |    49 ||    71
Dodge: Dodged            |    57 |    90 ||   147
Block: Other             |    10 |    32 ||    42

Table legend: (Time is in decaauts)
 A = Elapsed time spent in this place.
 B = Non-inter-level travel time spent in this place.
 C = Inter-level travel time spent in this place.
 D = Time resting spent in this place.
 E = Time spent auto-exploring this place.
 F = Levels seen in this place.
 G = Mean time per level.
                   A        B        C        D        E       F      G
               +--------+--------+--------+--------+--------+-----+--------+
         Total |   2420 |   2064 |    356 |    254 |   1061 |   3 |  806.7 |
       Dungeon |   2420 |   2064 |    356 |    254 |   1061 |   3 |  806.7 |
               +--------+--------+--------+--------+--------+-----+--------+

Top non-repeatable levels by time:
     D:1: 999 daAuts
     D:2: 978 daAuts
     D:3: 442 daAuts
